 Dungeon Crawl Stone Soup version 0.17.1-2-g5865329 (webtiles) character file.

520 hannobal the Grave Robber (level 7, -1/60 HPs)
             Began as a Deep Dwarf Necromancer on Jan 23, 2016.
             Slain by a worker ant (2 damage)
             ... on level 5 of the Dungeon.
             The game lasted 00:25:07 (5340 turns).

hannobal the Grave Robber (Deep Dwarf Necromancer)  Turns: 5340, Time: 00:25:07

Health: -1/60      AC:  6    Str: 13    XL:     7   Next: 1%
Magic:  0/10       EV: 11    Int: 16    God:
Gold:   223        SH:  0    Dex: 13    Spells: 3 memorised, 5 levels left

rFire  . . .     SeeInvis .     a - +0 quarterstaff
rCold  . . .     Clarity  .     p - +0 ring mail {rPois}
rNeg   + . .     SustAt   .     (shield currently unavailable)
rPois  +         Gourm    .     (no helmet)
rElec  .         Spirit   .     (no cloak)
rCorr  .         Warding  +     u - +0 pair of gloves
rMut   .         Stasis   .     (no boots)
MR     +....                    n - amulet of warding
Stlth  +.........               (no ring)
                                l - ring of wizardry

@: non-regenerating, somewhat resistant to hostile enchantments, very unstealthy
A: damage resistance, recharge devices, sense surroundings 1, slow regeneration
3
a: Device Recharging


You were on level 5 of the Dungeon.
You were not hungry.

You visited 1 branch of the dungeon, and saw 5 of its levels.

You collected 223 gold pieces.

Inventory:

Hand Weapons
 a - a +0 quarterstaff (weapon)
 o - a +1 dagger of protection
 q - a +0 whip
 v - a +0 hand axe
 x - a +0 flail
Missiles
 g - 33 bolts
 h - 30 poisoned needles
 i - 157 stones (quivered)
 r - 61 arrows
Armour
 m - a +1 robe of cold resistance
 p - a +0 ring mail of poison resistance (worn)
 u - a +0 pair of gloves (worn)
 w - the +0 leather armour "Luullego" {rPois}
   (You found it on level 4 of the Dungeon)

   It protects you from poison.
Jewellery
 l - a ring of wizardry (left hand)
 n - an amulet of warding (around neck)
 t - an uncursed ring of protection from cold
Wands
 c - a wand of heal wounds (8)
Scrolls
 k - 2 scrolls of teleportation
Potions
 e - a potion of brilliance
 s - 2 potions of curing
Books
 b - a book of Necromancy

   Spells                             Type                      Level
   a - Pain                           Necromancy                   1
   b - Animate Skeleton               Necromancy                   1
   c - Vampiric Draining              Necromancy                   3
   d - Regeneration                   Charms/Necromancy            3
   e - Animate Dead                   Necromancy                   4
   f - Control Undead                 Necromancy                   4
Comestibles
 d - a bread ration
 f - 2 meat rations


   Skills:
 - Level 2.0 Fighting
 - Level 3.4(4.6) Axes
 + Level 4.4(4.9) Maces & Flails
 - Level 2.1 Dodging
 - Level 2.4 Stealth
 - Level 2.0 Spellcasting
 - Level 6.0 Necromancy


You had 5 spell levels left.
You knew the following spells:

 Your Spells              Type           Power        Failure   Level  Hunger
d - Pain                  Necr           ###.         1%          1    #......
e - Animate Skeleton      Necr           N/A          1%          1    #......
z - Vampiric Draining     Necr           ###.......   4%          3    ###....


Dungeon Overview and Level Annotations

Branches:
Dungeon (5/15)
 Temple: D:4-7

Altars:
Okawaru

Shops:
D:5 :


Innate Abilities, Weirdness & Mutations

You are resistant to damage.
You can recharge devices by infusing magical energy.
You passively map a small area around you.
You do not regenerate naturally.


Message History

You have reached level 7!
You feel a bit more experienced. The worker ant bites you.
* * * LOW HITPOINT WARNING * * *
Press: ? - help, v - describe, . - travel, g - get item
Here: a worker ant A long sword.
There is something else lying underneath.
The floor.
Unknown command.
You hit the worker ant.
The worker ant is lightly wounded.
The worker ant closely misses you.
Casting: Vampiric Draining
Confirm with . or Enter, or press ? or * to list all spells.
Aiming: Pain
Press: ? - help, Shift-Dir - straight line, f - worker ant
Aim: a worker ant (lightly wounded, chance to defeat MR: 85%)
The worker ant convulses in agony!
The worker ant barely misses you. The worker ant bites you.
You die...

# * .. * ...
....################
....'.........)a@.>#
...%###.##########.#
... #.# #.# .. , #.#
#.# ? #.#
#.######### #.#
#...#.....# * #.#
###.#.###.# #.#
#...###.# #.#
####....#


You could see a worker ant.

Vanquished Creatures
  2 ogres (D:4)
  An ice beast (D:4)
  Blork the orc (D:5)
  2 hounds
  A giant frog skeleton (D:4)
  3 adders
  An ooze (D:3)
  A worm (D:3)
  2 giant geckos
  4 orcs
  A ball python (D:2)
  5 giant cockroaches
  10 hobgoblins
  6 jackals
  A quokka (D:3)
  8 bats
  3 giant newts
  4 goblins (D:1)
  6 kobolds
  A quokka skeleton (D:5)
  5 rats
68 creatures vanquished.

Vanquished Creatures (collateral kills)
  2 orcs
  A hobgoblin (D:3)
  2 rats (D:2)
5 creatures vanquished.

Grand Total: 73 creatures vanquished

Notes
Turn   | Place    | Note
--------------------------------------------------------------
     0 | D:1      | hannobal the Deep Dwarf Necromancer began the quest for the Orb.
     0 | D:1      | Reached XP level 1. HP: 15/15 MP: 3/3
   158 | D:1      | Learned a level 1 spell: Animate Skeleton
   628 | D:1      | Reached skill level 1 in Fighting
   800 | D:1      | Reached XP level 2. HP: 11/25 MP: 0/5
  1273 | D:1      | Reached skill level 5 in Necromancy
  1568 | D:1      | Reached XP level 3. HP: 12/31 MP: 0/6
  2098 | D:2      | Learned a level 3 spell: Vampiric Draining
  2187 | D:2      | Reached skill level 1 in Axes
  2579 | D:3      | Reached XP level 4. HP: 32/39 MP: 0/7
  3774 | D:3      | Reached skill level 6 in Necromancy
  4080 | D:3      | Reached XP level 5. HP: 45/45 MP: 4/8
  4215 | D:4      | Noticed an ogre
  4216 | D:4      | Found an iron altar of Okawaru.
  4224 | D:4      | Killed an ogre
  4238 | D:4      | Reached skill level 1 in Maces & Flails
  4453 | D:4      | Reached XP level 6. HP: 27/52 MP: 2/9
  4629 | D:4      | Got an ichor-stained leather armour
  4801 | D:4      | Identified the +0 leather armour "Luullego" {rPois} (You found it on level 4 of the Dungeon)
  5149 | D:5      | Entered Level 5 of the Dungeon
  5163 | D:5      | Found Ziad's Book Boutique.
  5315 | D:5      | Noticed Blork the orc
  5337 | D:5      | Killed Blork the orc
  5337 | D:5      | Reached XP level 7. HP: 4/60 MP: 1/10
  5337 | D:5      | HP: 1/60 [worker ant (3)]
  5340 | D:5      | Slain by a worker ant

Action                   |  1- 3 |  4- 6 |  7- 9 || total
-------------------------+-------+-------+-------++-------
Melee: Unarmed           |    29 |       |       ||    29
       Club              |    25 |       |       ||    25
       Hand axe          |    10 |    80 |       ||    90
       Whip              |       |    17 |       ||    17
       Quarterstaff      |       |     3 |     1 ||     4
Throw: Stone             |     1 |     3 |       ||     4
 Cast: Pain              |    53 |     5 |     1 ||    59
       Animate Skeleton  |    21 |    12 |       ||    33
       Vampiric Draining |     5 |    33 |       ||    38
Evoke: Wand              |     1 |       |       ||     1
  Use: Potion            |     4 |     1 |       ||     5
       Scroll            |     3 |     7 |       ||    10
 Stab: Distracted        |       |     1 |       ||     1
       Sleeping          |       |     1 |       ||     1
  Eat: Chunk             |     7 |     9 |       ||    16
       Fruit             |       |     3 |       ||     3
       Bread ration      |       |     1 |       ||     1
